 Dungeon Crawl Stone Soup version 0.30-a0-458-g86641cc369 (webtiles) character file.

Game seed: 4213191549280532505

129 freelancePsychic the Trooper (level 5, -3/50 HPs)
             Began as a Naga Chaos Knight on Dec 14, 2022.
             Was a Plaything of Xom.
             Slain by a hornet (11 damage)
             ... on level 3 of the Dungeon.
             The game lasted 00:03:23 (1417 turns).

freelancePsychic the Trooper (Naga Chaos Knight)    Turns: 1417, Time: 00:03:23

Health: -3/50      AC:  5    Str: 16    XL:     5   Next: 12%
Magic:  5/5        EV:  9    Int: 13    God:    Xom [.*....]
Gold:   73         SH:  0    Dex: 10    Spells: 4/4 levels left

rFire   . . .      SeeInvis +    a - +0 spear (chaos)
rCold   . . .      Faith    .    (no shield)
rNeg    . . .      Spirit   .    h - +2 leather armour {Will+}
rPois   +          Reflect  .    (no helmet)
rElec   .          Harm     .    (no cloak)
rCorr   .          Rampage  .    (no gloves)
Will    +....                    (no barding)
Stlth   ++........               (no amulet)
HPRegen 0.28/turn                (no ring)
MPRegen 0.09/turn                (no ring)

@: about to teleport, very slow
A: AC +1, large, see invisible, deformed body, poison resistance, slowness 2,
spit poison 1, naga tail 1
a: Spit Poison, Renounce Religion


You were on level 3 of the Dungeon.
You worshipped Xom.
You were a plaything of Xom.
You visited 1 branch of the dungeon, and saw 4 of its levels.

You collected 73 gold pieces.

Inventory:

Hand Weapons
 a - a +0 spear of chaos (weapon)
 b - a +0 shortbow
Missiles
 k - 6 boomerangs
 l - 3 curare-tipped darts
Armour
 h - a +2 leather armour of willpower (worn)
Scrolls
 d - a scroll of poison {unknown}
Potions
 e - a potion of might {unknown}
 g - a potion of heal wounds {unknown}
 j - a potion of magic {unknown}
 m - a potion of degeneration {unknown}
Miscellaneous
 c - a piece from Xom's chessboard (15/15) (quivered)


   Skills:
 + Level 3.8 Fighting
 - Level 3.6 Polearms
 * Level 2.1 Ranged Weapons
 - Level 1.5 Armour
 - Level 0.7 Dodging
 + Level 3.3 Stealth


You had 4 spell levels left.
You didn't know any spells.
Your spell library was empty.

Dungeon Overview and Level Annotations

Branches:
Dungeon (4/15)
 Temple: D:4-7

Altars:


Innate Abilities, Weirdness & Mutations

Your serpentine skin is tough. (AC +1)
You have supernaturally acute eyesight. (SInv)
Armour fits poorly on your strangely shaped body.
Your system is resistant to poisons. (rPois)
You cover ground very slowly.
You can spit poison.
You have a snake-like lower body.


Message History

You see here a +0 short sword.
Found a hand axe.
A worm comes into view.
You hit the dart slug.
The dart slug is heavily wounded.
The dart slug bites you.
You hit the dart slug. You burn the dart slug.
The dart slug is severely wounded.
You hit the dart slug. You burn the dart slug.
You kill the dart slug!
You reach to attack!
You hit the worm.
The worm is poisoned.
The worm is moderately wounded.
You barely miss the worm.
The worm is lightly wounded.
You hit the worm.
The worm is heavily wounded.
The worm bites you!
You hit the worm but do no damage.
The worm is heavily wounded.
You barely miss the worm.
The worm is heavily wounded.
The worm bites you.
You hit the worm but do no damage.
The worm evaporates and reforms as a fire bat!
The fire bat is heavily wounded.
The fire bat bites you.
You are engulfed in flames!
You are too injured to fight recklessly!
You are too injured to fight recklessly!
You are too injured to fight recklessly!
You are too injured to fight recklessly!
You are too injured to fight recklessly!
You hit the fire bat.
The fire bat evaporates and reforms as a hornet!
The hornet stings you!
You hit the hornet but do no damage. The hornet stings you!
* * * LOW HITPOINT WARNING * * *
As you read the scroll of teleportation {@r4}, it crumbles to dust.
You feel strangely unstable. The hornet stings you!
You die...
Xom chortles!

#..#.#>#.##.##.#######.
#.gg###..#...#.# #g.##
##...#.#.#
#...###........#
...w...#w#..########
.#####.##)#.# #.##.#.##
# #.##...y# .##
..####.@##...#
...).....†...#
....###.##...# ### #.#
### #.# #.# ..# .## .


You could see a hornet.

Vanquished Creatures
  A gnoll bouda (D:4)
  5 gnolls
  An adder (D:3)
  3 dart slugs
  3 ball pythons
  3 endoplasms
  3 giant cockroaches
  2 hobgoblins (D:1)
  8 kobolds
  2 quokkas
  3 bats (D:1)
  A goblin (D:1)
  6 rats (D:1)
41 creatures vanquished.

Notes
Turn   | Place    | Note
-------+----------+-------------------------------------------
     0 | D:1      | freelancePsychic the Naga Chaos Knight began the quest for
                  | the Orb.
     0 | D:1      | Reached XP level 1. HP: 21/21 MP: 1/1
     8 | D:1      | XOM: silly message
    42 | D:1      | XOM: divination: magic mapping
    65 | D:1      | Reached skill level 1 in Stealth
    69 | D:1      | Reached XP level 2. HP: 17/28 MP: 2/2
    97 | D:1      | XOM: silly message
   289 | D:1      | XOM: chaos upgrade
   376 | D:1      | Reached XP level 3. HP: 34/34 MP: 3/3
   443 | D:1      | XOM: noise
   751 | D:2      | XOM: 2-stop teleportation journey
   762 | D:2      | You fall into a shaft and drop 2 floors!
   974 | D:3      | XOM: noise
   986 | D:3      | Reached skill level 1 in Ranged Weapons
  1000 | D:4      | XOM: enchant monster (bad)
  1002 | D:4      | Reached XP level 4. HP: 22/42 MP: 4/4
  1189 | D:4      | HP: 2/44 [gnoll/+0 halberd[a gnoll bouda] (3)]
  1193 | D:4      | Reached XP level 5. HP: 3/50 MP: 5/5
  1414 | D:3      | a worm changed into a fire bat
  1414 | D:3      | Noticed a fire bat
  1415 | D:3      | a fire bat changed into a hornet
  1415 | D:3      | Noticed a hornet
  1417 | D:3      | Slain by a hornet

Illustrated notes

Levels and vault maps discovered:
D:1:      scummos_arrival_star, layout_rooms, hangedman_decor_diamond_cutter
D:2:      layout_loops_cross
D:3:      layout_loops_ring, hellmonk_ecumenical_altar_defaced_shrine,
          uniq_natasha
D:4:      layout_basic, pdpol_wu_jian_five_deadly_venoms, serial_bayou_pond_a,
          hangedman_decor_growths, uniq_blork_the_orc

Skill      XL: |  1  2  3  4  5 |
---------------+----------------+-----
Stealth        | 1 2 3 |  3.3
Ranged Weapons | 1 2 |  2.1
Fighting       | |  3.8
Polearms       | |  3.6
Armour         | |  1.5
Dodging        | |  0.7

Action                   |  1- 3 |  4- 6 || total
-------------------------+-------+-------++-------
Melee: Spear             |    66 |    28 ||    94
       Punch             |     1 |       ||     1
 Fire: Shortbow          |    40 |    12 ||    52
 Abil: Spit Poison       |     5 |     2 ||     7
  Use: Scroll            |     1 |     2 ||     3
       Potion            |     1 |     1 ||     2
 Stab: Sleeping          |     2 |       ||     2
Armor: Leather armour    |    24 |     5 ||    29
Dodge: Dodged            |    41 |    15 ||    56

Table legend: (Time is in decaauts)
 A = Elapsed time spent in this place.
 B = Non-inter-level travel time spent in this place.
 C = Inter-level travel time spent in this place.
 D = Time resting spent in this place.
 E = Time spent auto-exploring this place.
 F = Levels seen in this place.
 G = Mean time per level.
                   A        B        C        D        E       F      G
               +--------+--------+--------+--------+--------+-----+--------+
         Total |   1736 |   1691 |     45 |    285 |    988 |   4 |  434.0 |
       Dungeon |   1736 |   1691 |     45 |    285 |    988 |   4 |  434.0 |
               +--------+--------+--------+--------+--------+-----+--------+

Top non-repeatable levels by time:
     D:1: 697 daAuts
     D:4: 541 daAuts
     D:2: 296 daAuts
     D:3: 200 daAuts
